 Dungeon Crawl Stone Soup version 0.26-a0-639-g72c4674329 (webtiles) character file.

Game seed: 14871420607817225680

697 Lanoc the Charlatan (level 7, -5/59 HPs)
             Began as a Minotaur Artificer on Sept 27, 2020.
             Slain by a worker ant zombie (6 damage)
             ... on level 4 of the Dungeon.
             The game lasted 00:05:20 (3539 turns).

Lanoc the Charlatan (Minotaur Artificer)            Turns: 3539, Time: 00:05:20

Health: -5/59      AC:  3    Str: 16 (17) XL:     7   Next: 38%
Magic:  6/6        EV: 10    Int:  6 (8)  God:
Gold:   72         SH: 15    Dex: 12 (14) Spells: 6/6 levels left

rFire    . . .     SeeInvis .   q - +1 long sword "Obyucibb" {freeze, *Noise MR+ Dex+2}
rCold    . . .     Faith    .   f - +2 kite shield
rNeg     . . .     Spirit   .   b - +0 leather armour
rPois    .         Reflect  +   (helmet restricted)
rElec    .         Harm     .   (no cloak)
rCorr    .         Rampage  .   (no gloves)
MR       +....                  (no boots)
Stlth    +.........             a - amulet of reflection
HPRegen  0.19/turn              (no ring)
MPRegen  0.10/turn              (no ring)

@: lethally poisoned (-5 -> -13), drained
A: retaliatory headbutt, horns 2
a: no special abilities


You were on level 4 of the Dungeon.
You visited 1 branch of the dungeon, and saw 4 of its levels.

You collected 72 gold pieces.

Inventory:

Hand Weapons
 q - the +1 long sword "Obyucibb" (weapon) {freeze, *Noise MR+ Dex+2}
   (You found it on level 4 of the Dungeon)

   It has been specially enchanted to freeze those struck by it, causing extra
   injury to most foes and up to half again as much damage against particularly
   susceptible opponents.
   It can also slow down cold-blooded creatures.
   It affects your dexterity (+2).
   It affects your resistance to hostile enchantments.
   It may make noises in combat.
Armour
 b - a +0 leather armour (worn)
 f - a +2 kite shield (worn)
Jewellery
 a - an amulet of reflection (around neck)
Wands
 c - a wand of flame (12)
 d - a wand of enslavement (9)
 e - a wand of random effects (14)
Scrolls
 g - a scroll of fog {unknown}
 i - 3 scrolls of remove curse
 j - 4 scrolls of identify {unknown}
 k - 2 scrolls of teleportation {unknown}
 m - a scroll of blinking {unknown}
 p - a scroll of noise {unknown}
Potions
 h - a potion of resistance
 l - a potion of brilliance


   Skills:
 + Level 4.0(3.3) Fighting
 + Level 4.6(3.9) Armour
 + Level 3.9(3.2) Dodging
 - Level 0.7(0.1) Stealth
 + Level 3.0(2.3) Shields
 * Level 5.2(4.4) Evocations


You had 6 spell levels left.
You didn't know any spells.
Your spell library was empty.

Dungeon Overview and Level Annotations

Branches:
Dungeon (4/15)
 Temple: D:4-7

Altars:
Ru

Shops:
D:4 :=


Innate Abilities, Weirdness & Mutations

You reflexively headbutt those who attack you in melee.
You have a pair of horns on your head.


Message History

The worker ant zombie barely misses you.
You hit the worker ant zombie.
The worker ant zombie is lightly damaged.
* * * LOW HITPOINT WARNING * * *
You feel sick. You block the quokka skeleton's attack.
You block the worker ant zombie's attack.
As you read the scroll labeled XOCUCU OPOVON, it crumbles to dust.
You feel as if something is helping you.
It was a scroll of remove curse.
* * * LOW HITPOINT WARNING * * *
You feel sick. The quokka skeleton closely misses you.
The worker ant zombie bites you.
* * * LOW HITPOINT WARNING * * *
You hit the worker ant zombie.
The worker ant zombie is moderately damaged.
* * * LOW HITPOINT WARNING * * *
You feel sick. You block the quokka skeleton's attack.
You block the worker ant zombie's attack.
The quokka skeleton misses you. The worker ant zombie bites you.
You die...

#...............
#.......#...............
#.......#...............
#.......#...............
#.......#.....##...##...
#.......#.....##...##...
#.......+..........##...
#.......#..........##...
#......@#...........#...
#.....ZZ#.....##...##...
.......Z#'######...##...
.88............#........
.....$..................
....8###................
#.... #.......#'#......
##### #.......#∩#..##..
#.......###...#..


You could see a worker ant zombie, a howler monkey zombie and a quokka skeleton.

Vanquished Creatures
  A phantom (D:4)
  An ogre (D:4)
  3 wights (D:4)
  2 orc priests (D:4)
  2 centaur skeletons (D:4)
  Jessica (D:3)
  Natasha (twice) (D:3)
  An orc wizard (D:4)
  A worker ant (D:4)
  A worker ant zombie (D:4)
  3 adders
  A worm (D:3)
  A leopard gecko (D:4)
  8 orcs
  7 giant cockroaches (D:3)
  4 goblins
  4 hobgoblins
  6 jackals (D:4)
  A quokka (D:3)
  A ball python (D:3)
  5 bats (D:3)
  2 frilled lizards (D:3)
  4 kobolds (D:3)
  A leopard gecko zombie (D:4)
  A quokka zombie (D:4)
  4 rats (D:3)
68 creatures vanquished.

Vanquished Creatures (collateral kills)
  A hound skeleton (D:4)
  A worker ant zombie (D:4)
  An orc (D:4)
  A leopard gecko skeleton (D:4)
4 creatures vanquished.

Vanquished Creatures (others)
  A wight (D:4)
  An orc (D:4)
  A withered plant (D:4)
3 creatures vanquished.

Grand Total: 75 creatures vanquished

Notes
Turn   | Place    | Note
-------+----------+-------------------------------------------
     0 | D:1      | Lanoc the Minotaur Artificer began the quest for the Orb.
     0 | D:1      | Reached XP level 1. HP: 16/16 MP: 0/0
   175 | D:3      | Reached XP level 2. HP: 22/23 MP: 1/1
   208 | D:3      | Reached skill level 3 in Evocations
   398 | D:3      | Reached XP level 3. HP: 27/29 MP: 2/2
  1108 | D:3      | Noticed Jessica
  1121 | D:3      | HP: 2/43 [Jessica/nerve-wracking pain (10)]
  1124 | D:3      | Killed Jessica
  1124 | D:3      | Reached XP level 4. HP: 3/36 MP: 3/3
  1565 | D:3      | Noticed Natasha
  1576 | D:3      | Killed Natasha
  2181 | D:4      | Noticed a phantom
  2199 | D:4      | Killed a phantom
  2199 | D:4      | Reached skill level 1 in Shields
  2199 | D:4      | Reached skill level 4 in Evocations
  2199 | D:4      | Reached XP level 5. HP: 25/45 MP: 4/4
  2357 | D:4      | Noticed an ogre
  2365 | D:4      | Killed an ogre
  2365 | D:4      | Reached XP level 6. HP: 51/51 MP: 5/5
  2776 | D:4      | Found Plog's Book Emporium.
  2854 | D:4      | Found Doselichi's Jewellery Shoppe.
  2882 | D:4      | Found a sacrificial altar of Ru.
  2956 | D:4      | Got a glimmering long sword
  2956 | D:4      | Identified the cursed +1 long sword "Obyucibb" {freeze,
                  | *Noise MR+ Dex+2} (You found it on level 4 of the Dungeon)
  3079 | D:4      | Reached XP level 7. HP: 33/58 MP: 6/6
  3093 | D:3      | Noticed Natasha
  3133 | D:3      | HP: 1/58 [white imp/puff of frost[Natasha] (6)]
  3137 | D:3      | Killed Natasha
  3137 | D:3      | Reached skill level 5 in Evocations
  3539 | D:4      | HP: 1/59 [poisoned by an orc]
  3539 | D:4      | Slain by a worker ant zombie

Illustrated notes

Levels and vault maps discovered:
D:1:      dpeg_arrival_orchard, layout_basic
D:2:      layout_rooms, uniq_robin
D:3:      layout_loops_ring, uniq_natasha, uniq_jessica
D:4:      layout_gridville, serial_undead, serial_undead_d, serial_undead_b,
          serial_undead_d, serial_undead_c, serial_shops, kennysheep_mini_moat,
          nicolae_shop_window_shopping, nicolae_ru_sacrificial_ziggurat

Skill      XL: |  1  2  3  4  5  6  7 |
---------------+----------------------+-----
Evocations     | 3 4 5 |  5.2
Fighting       | 2 3 4 |  4.0
Armour         | 3 4 |  4.6
Dodging        | 2 3 |  3.9
Shields        | 1 2 3 |  3.0
Stealth        | |  0.7

Action                   |  1- 3 |  4- 6 |  7- 9 || total
-------------------------+-------+-------+-------++-------
Melee: Club              |    90 |    58 |       ||   148
       Headbutt          |    13 |    29 |     5 ||    47
       Long sword        |       |    21 |    28 ||    49
       Flail             |       |    13 |       ||    13
Evoke: Wand              |       |     8 |     2 ||    10
  Use: Potion            |     1 |     5 |     2 ||     8
       Scroll            |       |       |     1 ||     1
 Stab: Sleeping          |     1 |       |       ||     1
Armor: Leather armour    |    33 |    15 |     2 ||    50
Dodge: Dodged            |    66 |    41 |    19 ||   126
Block: Kite shield       |       |    39 |    34 ||    73
       Rpst.: Long sword |       |     2 |     3 ||     5

Table legend: (Time is in decaauts)
 A = Elapsed time spent in this place.
 B = Non-inter-level travel time spent in this place.
 C = Inter-level travel time spent in this place.
 D = Time resting spent in this place.
 E = Time spent auto-exploring this place.
 F = Levels seen in this place.
 G = Mean time per level.
                   A        B        C        D        E       F      G
               +--------+--------+--------+--------+--------+-----+--------+
         Total |   3638 |   3609 |     29 |    653 |   2325 |   4 |  909.5 |
       Dungeon |   3638 |   3609 |     29 |    653 |   2325 |   4 |  909.5 |
               +--------+--------+--------+--------+--------+-----+--------+

Top non-repeatable levels by time:
     D:3: 1949 daAuts
     D:4: 1343 daAuts
     D:2: 296 daAuts
     D:1: 49 daAuts
